 Dungeon Crawl Stone Soup version 0.20-a0-1009-gc986637 (webtiles) character file.

100 JeffiDaFish the Shield-Bearer (level 4, -1/29 HPs)
             Began as a Gargoyle Fighter on Apr 15, 2017.
             Slain by hotbaconsauce's ghost (3 damage)
             ... on level 3 of the Dungeon.
             The game lasted 00:03:28 (1923 turns).

JeffiDaFish the Shield-Bearer (Gargoyle Fighter)    Turns: 1923, Time: 00:03:29

Health: -1/29      AC: 12    Str: 24      XL:     4   Next: 74%
Magic:  4/4        EV:  8    Int:  7 (9)  God:
Gold:   93         SH: 12    Dex:  9 (10) Spells: 3/3 levels left

rFire    . . .     SeeInvis .   a - +1 flail
rCold    . . .     Gourm    .   c - +0 shield
rNeg     + . .     Faith    .   b - +0 scale mail
rPois    ∞         Spirit   .   e - +0 helmet
rElec    +         Reflect  +   o - +0 cloak
rCorr    .         Harm     .   (no gloves)
MR       +....                  (no boots)
Stlth    ..........             m - +3 amulet of reflection
Regen    0.1/turn               k - ring of protection from magic
MPRegen  0.1/turn               (no ring)

@: mighty
A: negative energy resistance 1, electricity resistance, unbreathing,
petrification resistance, rot immunity, AC +3
a: no special abilities


You were on level 3 of the Dungeon.
You were not hungry.

You visited 1 branch of the dungeon, and saw 3 of its levels.

You collected 93 gold pieces.

Inventory:

Hand Weapons
 a - a +1 flail (weapon)
Armour
 b - a +0 scale mail (worn)
 c - a +0 shield (worn)
 e - a +0 helmet (worn)
 o - a +0 cloak (worn)
Jewellery
 k - a ring of protection from magic (left hand)
 m - a +3 amulet of reflection (around neck)
Wands
 p - a wand of random effects (24/48)
Scrolls
 j - a scroll of remove curse
 n - 2 scrolls of identify
Potions
 g - a potion of heal wounds
 i - a potion of brilliance
 r - a potion of invisibility
Comestibles
 f - 2 bread rations
 h - a meat ration
 l - a fruit
 q - a chunk of flesh


   Skills:
 + Level 3.7 Fighting
 + Level 2.8 Maces & Flails
 + Level 3.8 Armour
 + Level 1.1 Dodging
 + Level 0.2 Stealth
 + Level 4.1 Shields


You had 3 spell levels left.
You didn't know any spells.

Dungeon Overview and Level Annotations

Branches:
Dungeon (3/15)

Altars:
Nemelex Xobeh
Okawaru

Annotations:
D:3 hotbaconsauce's ghost, amateur MiFi


Innate Abilities, Weirdness & Mutations

You are resistant to torment.
Your stone body is resilient. (AC +3)
You are immune to poison.
You resist negative energy. (rN+)
You are resistant to electric shocks. (rElec)
You can survive without breathing.
You are immune to petrification.
You are immune to rotting.


Message History

Hotbaconsauce's ghost is moderately damaged.
Hotbaconsauce's ghost hits you but does no damage.
You thump hotbaconsauce's ghost!
Hotbaconsauce's ghost is heavily damaged.
You block hotbaconsauce's ghost's attack.
Hotbaconsauce's ghost hits you.
You sock hotbaconsauce's ghost!
Hotbaconsauce's ghost is severely damaged.
Hotbaconsauce's ghost hits you but does no damage.
You hit hotbaconsauce's ghost.
Hotbaconsauce's ghost is severely damaged.
You block hotbaconsauce's ghost's attack.
You closely miss hotbaconsauce's ghost.
Hotbaconsauce's ghost is severely damaged.
You block hotbaconsauce's ghost's attack. x2
You sock hotbaconsauce's ghost!
Hotbaconsauce's ghost is almost destroyed.
Hotbaconsauce's ghost hits you!
* * * LOW HITPOINT WARNING * * *
You die...

#...###...........###
####........###.##.####.
............###.#...###.
.............#.#.#.#...
.....>.....#.#.#...#.#.
##....##..#.........#.
#.............##.#####
...#...#######.....#
##@W.# #.....#
...$.......# #.....#
..#.).).#..# ###.....#
#.._..##...........###
#.).).# .:.###..###...
........ .#.# #......##
#...###.. ......#.#####
.#.. ... ##. #


You could see hotbaconsauce's ghost.

Vanquished Creatures
  A centaur skeleton (D:3)
  Ijyb (D:3)
  An adder (D:3)
  An ooze (D:3)
  2 worms
  2 leopard geckos (D:2)
  A giant cockroach (D:1)
  6 goblins
  2 hobgoblins
  A kobold (D:1)
  A ball python (D:2)
  2 bats
  3 frilled lizards
  5 rats
29 creatures vanquished.

Notes
Turn   | Place    | Note
-------+----------+-------------------------------------------
     0 | D:1      | JeffiDaFish the Gargoyle Fighter began the quest for the Orb.
     0 | D:1      | Reached XP level 1. HP: 14/14 MP: 1/1
   410 | D:1      | Reached XP level 2. HP: 19/19 MP: 2/2
   791 | D:2      | Found a sparkling altar of Nemelex Xobeh.
  1158 | D:2      | Reached XP level 3. HP: 21/23 MP: 3/3
  1554 | D:3      | Noticed Ijyb
  1624 | D:3      | Killed Ijyb
  1624 | D:3      | Reached skill level 4 in Shields
  1624 | D:3      | Reached XP level 4. HP: 19/28 MP: 4/4
  1745 | D:3      | Reached skill level 1 in Dodging
  1910 | D:3      | Found an iron altar of Okawaru.
  1913 | D:3      | Noticed hotbaconsauce's ghost (amateur MiFi)
  1923 | D:3      | Slain by hotbaconsauce's ghost

Vault maps used:
D:1:      sevenhm_arrival_forest_fort_large_4, minmay_misc_feat_five
D:2:      nemelex_xobeh_ov_fountains_minmay
D:3:      okawaru_ov_weapons_minmay, chequers_ecumenical_altar_island,
          uniq_terence, uniq_iyjb

Skill      XL: |  1  2  3  4 |
---------------+-------------+-----
Shields        | 4 |  4.1
Dodging        | 1 |  1.1
Fighting       | |  3.7
Maces & Flails | |  2.8
Armour         | |  3.8
Stealth        | |  0.2

Action                   |  1- 3 |  4- 6 || total
-------------------------+-------+-------++-------
Melee: Flail             |   153 |    31 ||   184
  Use: Scroll            |     7 |       ||     7
       Potion            |     4 |     2 ||     6
  Eat: Chunk             |     2 |     2 ||     4
Armor: Scale mail        |    80 |    14 ||    94
Dodge: Dodged            |    24 |     4 ||    28
Block: Shield            |    64 |    22 ||    86
